 Dungeon Crawl Stone Soup version 0.28-a0-465-ge2dae52223 (webtiles) character file.

Game seed: 9549249085224926704

7797 lmSkywalker the Slicer (level 11, 0/89 HPs)
             Began as a Minotaur Fighter on Sept 14, 2021.
             Was a High Priest of Uskayaw.
             Slain by a vampire mosquito (9 damage)
             ... on level 10 of the Dungeon.
             The game lasted 00:30:57 (10421 turns).

lmSkywalker the Slicer (Minotaur Fighter)          Turns: 10421, Time: 00:30:57

Health: 0/89       AC: 15    Str: 22    XL:     11   Next: 1%
Magic:  2/11       EV: 12    Int:  5    God:    Uskayaw [*****.]
Gold:   398        SH:  5    Dex: 12    Spells: 10/10 levels left

rFire   . . .      SeeInvis .   a - +8 short sword "Leviticus" {freeze, rC+}
rCold   + . .      Faith    .   c - +0 buckler
rNeg    . . .      Spirit   .   J - +3 ring mail
rPois   .          Reflect  .   (helmet restricted)
rElec   .          Harm     .   C - +0 cloak
rCorr   .          Rampage  .   I - +0 pair of gloves
Will    +....                   (no boots)
Stlth   ++........              w - amulet of the acrobat
HPRegen 0.24/turn               H - ring of willpower
MPRegen 0.12/turn               m - +4 ring of protection

@: no status effects
A: horns 2, retaliatory headbutt
a: Renounce Religion, Stomp, Line Pass, Grand Finale


You were on level 10 of the Dungeon.
You worshipped Uskayaw.
Uskayaw was noncommittal.
You visited 2 branches of the dungeon, and saw 11 of its levels.

You collected 450 gold pieces.
You spent 52 gold pieces at shops.

Inventory:

Hand Weapons
 a - the +8 short sword "Leviticus" (weapon) {freeze, rC+}
   (You found it on level 6 of the Dungeon)

   It freezes those it strikes, dealing additional cold damage.
   It can also slow down cold-blooded creatures.
   rC:        It protects you from cold.
 F - the +3 mace of Defiance {flame, rC++ Str+2}
   (You found it on level 7 of the Dungeon)

   It burns those it strikes, dealing additional fire damage.
   Str:       It affects your strength (+2).
   rC:        It greatly protects you from cold.
Missiles
 g - 15 boomerangs
Armour
 c - a +0 buckler (worn)
 v - the +5 chain mail of Integrity {rElec Int+5 Dex-4}
   (You found it on level 8 of the Dungeon)

   Int:       It affects your intelligence (+5).
   Dex:       It affects your dexterity (-4).
   rElec:     It insulates you from electricity.
 C - a +0 cloak (worn)
 I - a +0 pair of gloves (worn)
 J - a +3 ring mail (worn)
Jewellery
 f - a ring of poison resistance
 m - a +4 ring of protection (right hand)
 w - an amulet of the acrobat (around neck)
 A - an amulet of guardian spirit
 H - a ring of willpower (left hand)
Wands
 b - a wand of mindburst (8) (quivered)
 r - a wand of iceblast (4)
 z - a wand of acid (8)
Scrolls
 e - a scroll of fear {unknown}
 h - 2 scrolls of fog
 l - a scroll of immolation {unknown}
 n - 4 scrolls of teleportation
 s - a scroll of silence {unknown}
 t - 2 scrolls of enchant armour
 x - a scroll of amnesia {unknown}
 y - 2 scrolls of brand weapon {unknown}
 G - a scroll of blinking {unknown}
Potions
 i - 3 potions of heal wounds
 j - a potion of haste {unknown}
 k - a potion of mutation {unknown}
 o - 3 potions of magic
 p - 5 potions of curing
 q - 2 potions of brilliance
 u - 2 potions of lignification
 B - 3 potions of flight {unknown}
 D - 3 potions of might


   Skills:
 + Level 6.0 Fighting
 + Level 9.7 Short Blades
 - Level 8.3(9.8) Axes
 - Level 8.2(9.8) Maces & Flails
 - Level 5.1 Throwing
 + Level 5.9 Armour
 + Level 4.1 Dodging
 + Level 5.2 Stealth
 - Level 4.0 Shields
 - Level 2.0 Invocations


You had 10 spell levels left.
You didn't know any spells.
Your spell library contained the following spells:

 Spells                   Type           Power      Damage    Failure   Level
 Apportation              Tloc           0%         N/A       63%         1
 Shock                    Conj/Air       0%         1d3       63%         1
 Corpse Rot               Necr/Air       N/A        N/A       77%         2
 Frozen Ramparts          Ice            0%         1d2       94%         3
 Lesser Beckoning         Tloc           0%         N/A       94%         3
 Alistair's Intoxication  Tmut/Pois      0%         N/A       100%        5
 Lightning Bolt           Conj/Air       0%         1d11      100%        5
 Metabolic Englaciation   Hex/Ice        0%         N/A       100%        5
 Invisibility             Hex            0%         N/A       100%        6
 Malign Gateway           Summ/Tloc      0%         N/A       100%        7
 Polar Vortex             Ice            0%         N/A       100%        9


Dungeon Overview and Level Annotations

Branches:
Dungeon (10/15)            Temple (1/1) D:6
   Lair: D:8-11         Orc: D:9-12

Altars:
Ashenzari
Cheibriados
Dithmenos
Elyvilon
Fedhas
Gozag
Hepliaklqana
Kikubaaqudgha
Makhleb
Nemelex Xobeh
Okawaru
Qazlal
Ru
Trog
Uskayaw
Vehumet
Wu Jian
Xom
Yredelemnul
The Shining One

Shops:
D:4 !   D:10 (

Annotations:
D:8 2 transporters


Innate Abilities, Weirdness & Mutations

You have a pair of horns on your head.
You reflexively headbutt those who attack you in melee.


Message History

Fannar freezes you.
* * * LOW HITPOINT WARNING * * *
You block the vampire mosquito's attack.
You hit Fannar but do no damage.
Fannar is almost dead.
The vampire mosquito misses you.
You puncture Fannar!
You kill Fannar!
The vampire mosquito bites you.
* * * LOW HITPOINT WARNING * * *
The vampire mosquito draws strength from your injuries!
Your Dodging skill increases to level 4!
You puncture the vampire mosquito! You freeze the vampire mosquito.
The vampire mosquito is heavily damaged.
A vampire mosquito comes into view.
The vampire mosquito bites you but does no damage.
Uskayaw will force your foes to share their pain.
Uskayaw links your audience in an emotional bond!
The vampire mosquito buzzes angrily.
You puncture the vampire mosquito! You freeze the vampire mosquito.
You destroy the vampire mosquito!
Your Fighting skill increases to level 6!
You have reached level 11!
The vampire mosquito is no longer sharing its pain.
You puncture the vampire mosquito! You freeze the vampire mosquito.
You headbutt the vampire mosquito.
The vampire mosquito is heavily damaged.
The vampire mosquito bites you but does no damage.
You puncture the vampire mosquito! You freeze the vampire mosquito.
The vampire mosquito is severely damaged.
The vampire mosquito bites you.
* * * LOW HITPOINT WARNING * * *
The vampire mosquito draws strength from your injuries!
The vampire mosquito bites you but does no damage.
You can now merge with and destroy a victim.
You hit the vampire mosquito. You freeze the vampire mosquito.
Your headbutt misses the vampire mosquito.
The vampire mosquito is almost destroyed.
The vampire mosquito bites you!
You die...

+### ...# ######+###+
...## #..........
....# #..........
..... +...)......
..... #..##..####
#####+###########y.#
.#
................@..#
.#
...................#
#
...................#
..................>#
...................#
####....###..###...#
#.##....###..###...##
...)..........#.....#
..............#.....#


You could see a vampire mosquito.

Vanquished Creatures
  Fannar (D:10)
  A two-headed ogre (D:9)
  Maurice (D:10)
  Psyche (D:9)
  A hornet (D:8)
  2 wyverns
  2 vampire mosquitoes (D:10)
  A steam dragon (D:9)
  Menkaure (D:4)
  A water moccasin (D:6)
  A hornet zombie (D:9)
  An ice beast (D:5)
  3 orc warriors
  4 sky beasts
  A black bear (D:7)
  2 ogres
  4 centaurs
  A wolf (D:6)
  4 phantoms
  2 kobold brigands
  3 bullfrogs
  A gnoll sergeant (D:6)
  2 scorpions (D:5)
  A wyvern skeleton (D:6)
  4 water moccasin skeletons
  5 killer bees (D:9)
  3 centaur zombies
  A bullfrog zombie (D:5)
  A bullfrog skeleton (D:7)
  A jelly (D:4)
  7 orc priests
  A gnoll shaman (D:6)
  12 hounds
  A centaur skeleton (D:5)
  Terence (D:2)
  Jessica (D:3)
  An iguana (D:4)
  8 orc wizards
  A scorpion zombie (D:5)
  A killer bee zombie (D:5)
  A howler monkey zombie (D:9)
  Robin (D:4)
  11 gnolls
  8 adders
  A shadow imp (D:8)
  3 white imps
  2 adder zombies (D:5)
  5 worms
  A dart slug (D:3)
  27 orcs
  4 endoplasms
  4 giant cockroaches
  10 hobgoblins
  9 jackals
  14 kobolds
  5 quokkas
  7 ball pythons
  3 bats (D:2)
  5 frilled lizards
  20 goblins
  16 rats
248 creatures vanquished.

Notes
Turn   | Place    | Note
-------+----------+-------------------------------------------
     0 | D:1      | lmSkywalker the Minotaur Fighter began the quest for the
                  | Orb.
     0 | D:1      | Reached XP level 1. HP: 19/19 MP: 0/0
    57 | D:1      | Found a faded altar of an unknown god.
    76 | D:1      | Reached XP level 2. HP: 25/26 MP: 1/1
    82 | D:1      | You fall into a shaft and drop 1 floor!
   210 | D:1      | Reached XP level 3. HP: 31/31 MP: 2/2
   808 | D:2      | Found a basalt altar of Yredelemnul.
   873 | D:2      | Reached skill level 5 in Axes
  1028 | D:2      | Noticed Terence
  1034 | D:2      | Killed Terence
  1035 | D:2      | Reached XP level 4. HP: 30/39 MP: 3/3
  2145 | D:3      | Reached XP level 5. HP: 40/45 MP: 4/4
  2399 | D:3      | Noticed Jessica
  2407 | D:3      | Killed Jessica
  3035 | D:4      | Reached XP level 6. HP: 43/51 MP: 5/5
  3279 | D:4      | Reached skill level 1 in Maces & Flails
  3298 | D:4      | Noticed Menkaure
  3303 | D:4      | Killed Menkaure
  3304 | D:4      | Reached XP level 7. HP: 47/57 MP: 6/6
  3304 | D:4      | Found Adaamyfu's Distillery.
  3670 | D:4      | Reached skill level 5 in Maces & Flails
  3736 | D:4      | Bought a potion of curing for 39 gold pieces
  3736 | D:4      | Bought a potion of degeneration for 13 gold pieces
  3824 | D:4      | Noticed Robin
  3971 | D:4      | Killed Robin
  4382 | D:4      | You fall into a shaft and drop 1 floor!
  4382 | D:5      | Entered Level 5 of the Dungeon
  4636 | D:4      | Found a radiant altar of Vehumet.
  4724 | D:4      | Reached XP level 8. HP: 55/64 MP: 7/7
  5163 | D:5      | Reached skill level 1 in Throwing
  5641 | D:5      | Found a basalt altar of Yredelemnul.
  5823 | D:5      | Reached skill level 5 in Throwing
  5844 | D:6      | Identified the +8 short sword "Leviticus" {freeze, rC+}
  5877 | D:6      | Reached skill level 1 in Short Blades
  5884 | D:6      | Reached skill level 2 in Short Blades
  5889 | D:6      | Reached skill level 3 in Short Blades
  6027 | D:6      | Reached skill level 4 in Short Blades
  6027 | D:6      | Reached XP level 9. HP: 66/70 MP: 8/8
  6048 | D:6      | Got the Almanac of Dislocation
  6444 | D:6      | Reached skill level 5 in Short Blades
  6562 | D:6      | Got the Guide on Stolen Souls and Cold
  6666 | D:6      | Got Poimerghu's Incunabulum of Cold and Air
  6693 | D:6      | Reached skill level 6 in Short Blades
  7342 | D:6      | Reached skill level 7 in Short Blades
  7373 | D:6      | Found a stormy altar of Qazlal.
  7457 | D:6      | Found a staircase to the Ecumenical Temple.
  7577 | Temple   | Entered the Ecumenical Temple
  7857 | D:7      | Found a blossoming altar of Fedhas.
  7912 | D:7      | Found a hide-covered altar of Uskayaw.
  7914 | D:7      | Noticed a +0 dagger
  7915 | D:7      | Noticed a +0 hand axe
  7920 | D:7      | Became a worshipper of Uskayaw the Reveller
  8043 | D:7      | Identified the +3 mace of Defiance {flame, rC++ Str+2}
  8133 | D:7      | Reached * piety under Uskayaw
  8135 | D:7      | Reached skill level 1 in Stealth
  8249 | D:7      | Reached ** piety under Uskayaw
  8294 | D:7      | Found a burning altar of Makhleb.
  8601 | D:8      | Reached skill level 8 in Short Blades
  8647 | D:8      | Identified the +5 chain mail of Integrity {rElec Int+5
                  | Dex-4}
  8714 | D:8      | Found a transporter.
  8720 | D:8      | Noticed a two-headed ogre
  8721 | D:8      | Noticed a centaur warrior
  8721 | D:8      | Noticed a purple ugly thing
  8722 | D:8      | Found a transporter.
  8722 | D:8      | Noticed a centaur warrior
  9008 | D:8      | Reached *** piety under Uskayaw
  9010 | D:8      | Reached skill level 1 in Invocations
  9014 | D:8      | Reached **** piety under Uskayaw
  9018 | D:8      | Reached ***** piety under Uskayaw
  9028 | D:8      | Identified the +2 dagger "Killer Bee's Curse" {flame,
                  | Stlth+}
  9293 | D:8      | Found a bloodstained altar of Trog.
  9432 | D:9      | Reached XP level 10. HP: 68/77 MP: 10/10
  9588 | D:9      | Found a white marble altar of Elyvilon.
  9624 | D:9      | Noticed Psyche
  9633 | D:9      | Killed Psyche
  9686 | D:9      | Reached skill level 1 in Dodging
  9699 | D:9      | Reached skill level 9 in Short Blades
  9702 | D:9      | Found a sparkling altar of Nemelex Xobeh.
  9714 | D:9      | Identified the +5 hunting sling of Sunlight {freeze, *Slow
                  | Will+ Str+5}
  9764 | D:9      | Noticed a two-headed ogre
  9775 | D:9      | Killed a two-headed ogre
  9821 | D:9      | Reached skill level 5 in Fighting
  9825 | D:9      | Reached skill level 5 in Armour
 10166 | D:10     | Entered Level 10 of the Dungeon
 10167 | D:10     | Found Xerchu's Antique Weapon Boutique.
 10309 | D:10     | Noticed Maurice
 10316 | D:10     | Killed Maurice
 10317 | D:10     | Reached skill level 5 in Stealth
 10392 | D:10     | Noticed Fannar
 10413 | D:10     | Killed Fannar
 10416 | D:10     | Reached XP level 11. HP: 10/89 MP: 2/11
 10421 | D:10     | Slain by a vampire mosquito

Illustrated notes

Levels and vault maps discovered:
D:1:      ncdulo_smallfort, layout_rooms, chequers_ecumenical_altar_island,
          kennysheep_nondescript, minmay_rat_gold_closets
D:2:      wad_river_or_something, layout_loops_corners, basic_altar,
          minmay_misc_feat_encased, uniq_terence
D:3:      layout_basic, chequers_serial_rivers_room_b, cheibrodos_gnoll_hut,
          uniq_jessica
D:4:      minmay_skewed_foursquare, layout_basic, vehumet_crystals,
          serial_shops, shop, uniq_robin, uniq_menkaure
D:5:      layout_loops_ring, nicolae_yredelemnul_corpse_copse
D:6:      layout_cave_pools, mainiacjoe_overflow_alcove_2, temple_hall,
          serial_gnoll_camp, gnoll_camp_mini_basic, gnoll_camp_mini_hut,
          gnoll_camp_mini_loothouse, gnoll_camp_mini_doghouse,
          gnoll_camp_mini_doghouse, kennysheep_generic_room_7
D:7:      layout_loops_ring, lemuel_crystal_altar, dancing_weapons_uskayaw,
          lightli_temple_of_fire
D:8:      layout_cave_pools, gammafunk_temple_overflow_arena,
          minmay_misc_feat_four_crosses, minmay_checkerbox
D:9:      layout_cave_pools, lemuel_tele_altar, general_overflow_altar,
          uniq_psyche
D:10:     layout_gridville, mainiacjoe_overflow_two_lobes, serial_shops, shop,
          kennysheep_nub, uniq_fannar, uniq_maurice
Temple:   chequers_temple_sunken

Skill      XL: |  1  2  3  4  5  6  7  8  9 10 |
---------------+-------------------------------+-----
Axes           | 3 4 5 6 7 8 |  8.3
Shields        | 4 |  4.0
Maces & Flails | 3 7 8 |  8.2
Throwing       | 5 |  5.1
Short Blades   | 4 8 9 |  9.7
Stealth        | 3 5 |  5.2
Invocations    | 2 |  2.0
Dodging        | 4 |  4.1
Armour         | 5 |  5.9
Fighting       | 6 |  6.0

Action                   |  1- 3 |  4- 6 |  7- 9 | 10-12 || total
-------------------------+-------+-------+-------+-------++-------
Melee: War axe           |    94 |    90 |       |       ||   184
       Headbutt          |     8 |    14 |    66 |    23 ||   111
       Mace              |       |     7 |   124 |       ||   131
       Hand axe          |       |       |    59 |       ||    59
       Short sword       |       |       |   207 |    99 ||   306
Throw: Boomerang         |       |       |    17 |     7 ||    24
Invok: Stomp             |       |       |       |     3 ||     3
Evoke: Wand              |       |       |       |     4 ||     4
  Use: Potion            |       |     1 |       |       ||     1
       Scroll            |       |       |     6 |     3 ||     9
 Stab: Paralysed         |       |       |     5 |     6 ||    11
Armor: Scale mail        |    32 |    28 |   120 |       ||   180
       Chain mail        |       |       |    20 |     1 ||    21
       Ring mail         |       |       |       |    36 ||    36
Dodge: Dodged            |    45 |    45 |   114 |    65 ||   269
Block: Buckler           |    11 |    24 |    44 |    21 ||   100

Table legend: (Time is in decaauts)
 A = Elapsed time spent in this place.
 B = Non-inter-level travel time spent in this place.
 C = Inter-level travel time spent in this place.
 D = Time resting spent in this place.
 E = Time spent auto-exploring this place.
 F = Levels seen in this place.
 G = Mean time per level.
                   A        B        C        D        E       F      G
               +--------+--------+--------+--------+--------+-----+--------+
         Total |  10435 |  10008 |    427 |   1666 |   5861 |  11 |  948.6 |
       Dungeon |  10199 |   9809 |    390 |   1666 |   5677 |  10 | 1019.9 |
        Temple |    236 |    199 |     37 |      0 |    184 |   1 |  236.0 |
               +--------+--------+--------+--------+--------+-----+--------+

Top non-repeatable levels by time:
     D:4: 1830 daAuts
     D:6: 1663 daAuts
     D:2: 1436 daAuts
     D:5: 1125 daAuts
     D:3: 976 daAuts
     D:8: 806 daAuts
     D:9: 769 daAuts
     D:7: 767 daAuts
     D:1: 584 daAuts
    D:10: 237 daAuts
  Temple: 236 daAuts
